 Dungeon Crawl Stone Soup version 0.31-a0-1074-g0b22e4e0f1 (webtiles) character file.

Game seed: 16368676169876792941

201307 Lobster4 the Crack Shot (level 17, 0/151 HPs)
             Began as a Minotaur Hunter on Nov 29, 2023.
             Was the Champion of Hepliaklqana.
             Killed by the air
             ... invoked by a spriggan air mage
              (18 damage)
             ... on level 2 of the Swamp.
             The game lasted 01:53:14 (33693 turns).

Lobster4 the Crack Shot (Minotaur Hunter)          Turns: 33693, Time: 01:53:15

Health: 0/151      AC: 19    Str: 14    XL:     17   Next: 90%
Magic:  22/22      EV: 25    Int:  5    God:    Hepliaklqana [******]
Gold:   3375       SH:  4    Dex: 27    Spells: 20/22 levels left

rFire   + . .        b - +8 lajatang (spect)
rCold   . . .        (shield currently unavailable)
rNeg    . . .        L - +0 acid dragon scales
rPois   +            (helmet unavailable)
rElec   .            Q - +2 cloak {rF+}
rCorr   +            y - +2 pair of gloves
SInv    .            h - +2 pair of boots {rampage}
Will    +....        r - amulet of the acrobat
Stlth   ++           o - +5 ring of evasion
HPRegen 0.45/turn    s - ring of poison resistance
MPRegen 0.18/turn

%: acrobat, rampage
@: studying Short Blades
A: reduced essence, horns 3, retaliatory headbutt, large bone plates 1, agile 1
}: 1/15 runes: serpentine
a: Renounce Religion, Recall Ancestor, Ancestor Identity, Transference, Idealise


You were on level 2 of the Swamp.
You worshipped Hepliaklqana.
Hepliaklqana was exalted by your worship.
You visited 6 branches of the dungeon, and saw 29 of its levels.
You also visited: Gauntlet, Ice Cave and Volcano.

You collected 3996 gold pieces.
You spent 621 gold pieces at shops.

Inventory:

Hand Weapons
 a - a +3 arbalest of flaming
 b - a +8 spectral lajatang (weapon)
 p - a +2 shortbow
 K - a +0 orcbow
 O - a +1 great sword of flaming
 U - a +0 great sword of freezing
Missiles
 d - 60 poisoned darts
Armour
 h - a +2 pair of boots of rampaging (worn)
 l - a +1 robe of resistance
 y - a +2 pair of gloves (worn)
 L - +0 acid dragon scales (worn)
 Q - a +2 cloak of fire resistance (worn)
 V - a +3 leather armour of poison resistance
Jewellery
 c - a ring of fire
 o - a +5 ring of evasion (left hand)
 r - an amulet of the acrobat (around neck)
 s - a ring of poison resistance (right hand)
 I - a ring of positive energy
 X - the ring of Toug {rCorr Int+2}
   (You found it on level 1 of the Snake Pit)

   [ring of resist corrosion]

   Int+2:     It affects your intelligence (+2).
   rCorr:     It protects you from acid and corrosion.
Wands
 g - a wand of flame (37)
 t - a wand of mindburst (7)
 u - a wand of roots (28)
 x - a wand of polymorph (12)
 G - a wand of charming (10)
 J - a wand of acid (3)
 R - a wand of digging (14)
Scrolls
 n - 14 scrolls of teleportation
 q - 8 scrolls of immolation
 A - 4 scrolls of identify
 C - 4 scrolls of amnesia
 E - 2 scrolls of fear
 F - a scroll of blinking
 M - 5 scrolls of enchant armour
 T - a scroll of fog
 Y - a scroll of poison
Potions
 e - 3 potions of attraction
 f - 4 potions of mutation
 i - 2 potions of ambrosia
 j - 7 potions of might
 k - 9 potions of curing
 v - 3 potions of enlightenment
 w - 11 potions of heal wounds
 z - 2 potions of brilliance
 B - 6 potions of haste
 H - 4 potions of lignification
 N - a potion of invisibility
 P - a potion of berserk rage
 S - 2 potions of resistance
Miscellaneous
 m - a phantom mirror (inert)
 W - a condenser vane (inert)
 Z - a lightning rod (1/4)


   Skills:
 + Level 19.0 Fighting
 - Level 6.0 Short Blades
 + Level 8.5 Staves
 * Level 23.9 Ranged Weapons
 - Level 10.0 Armour
 - Level 10.0 Dodging
 - Level 1.0 Stealth
 - Level 3.0 Spellcasting
 - Level 5.0 Transmutations
 + Level 9.3 Invocations
 - Level 3.0 Evocations


You had 20 spell levels left.
You knew the following spells:

 Your Spells              Type           Power      Damage    Failure   Level
a - Wereblood             Tmut           5%         N/A       10%         2

Your spell library contained the following spells:

 Spells                   Type           Power      Damage    Failure   Level
 Sting                    Tmut/Pois      12%        1d3       19%         1
 Passwall                 Tmut/Erth      2%         N/A       28%         2
 Magic Dart               Conj           0%         1d3       45%         1
 Sandblast                Erth           0%         2d4       45%         1
 Summon Small Mammal      Summ           0%         N/A       45%         1
 Call Imp                 Summ           0%         N/A       61%         2
 Poisonous Vapours        Pois/Air       0%         N/A       61%         2
 Searing Ray              Conj           0%         2d4       61%         2
 Sublimation of Blood     Necr           0%         N/A       61%         2
 Call Canine Familiar     Summ           0%         N/A       83%         3
 Dazzling Flash           Conj/Hex       0%         N/A       83%         3
 Mephitic Cloud           Conj/Pois/Air  0%         N/A       83%         3
 Stone Arrow              Conj/Erth      0%         3d7       83%         3
 Summon Guardian Golem    Hex/Summ       0%         N/A       83%         3
 Volatile Blastmotes      Fire/Tloc      0%         2d10      83%         3
 Petrify                  Tmut/Erth      3%         N/A       88%         4
 Brom's Barrelling Bould  Conj/Erth      0%         2d3       99%         4
 Cause Fear               Hex            0%         N/A       99%         4
 Fulminant Prism          Conj/Hex       0%         3d5       99%         4
 Olgreb's Toxic Radiance  Pois           0%         N/A       99%         4
 Irradiate                Conj/Tmut      1%         3d12      99%         5
 Fireball                 Conj/Fire      0%         3d3       100%        5
 Starburst                Conj/Fire      0%         6d3       100%        6
 Maxwell's Capacitive Co  Air            0%         ∞         100%        8
 Dragon's Call            Summ           0%         N/A       100%        9


Dungeon Overview and Level Annotations

Branches:
Dungeon (15/15)            Temple (1/1) D:5            Lair (5/5) D:8
  Swamp (2/4) Lair:2        Snake (4/4) Lair:2        Slime (0/5) Lair:4
    Orc (2/2) D:9             Elf (0/3) Orc:2        Vaults (0/5) D:14
 Depths (0/4) D:15          IceCv (visited)         Volcano (visited)
Gauntlet (visited)

Altars:
Ashenzari
Cheibriados
Dithmenos
Elyvilon
Fedhas
Gozag
Hepliaklqana
Kikubaaqudgha
Makhleb
Nemelex Xobeh
Okawaru
Qazlal
Ru
Sif Muna
Trog
Uskayaw
Vehumet
Wu Jian
Xom
Yredelemnul
Zin
The Shining One
Jiyva

Shops:
D:8 *   D:15 [   Orc:2 ([=*   Snake:1 [[**   Snake:3 *?

Portals:
Abyss: Snake:2

Annotations:
D:7 1 exclusion
D:11 exclusion: vampire, Sonja
D:12 3 runed translucent doors, Sundig's ghost, journeyman DgFi
Snake:2 2 transporters, gdog's ghost, adept GnDe
Orc:1 3 runed translucent doors, Daonol's ghost, journeyman TrBe


Innate Abilities, Weirdness & Mutations

Your life essence is reduced to manifest your ancestor. (-10% HP)
You have a pair of large horns on your head.
You reflexively headbutt those who attack you in melee.
You are partially covered in large bone plates. (SH +4)
You are agile. (Dex +4, Str/Int -1)


Message History

Demetirus closely misses the spriggan druid.
Demetirus closely misses the spriggan.
The spriggan completely misses you. You furiously retaliate!
You headbutt the spriggan.
The spriggan druid hits you with a +4 quarterstaff!
The spriggan air mage waves its arms in wide circles.
The air twists around and strikes you!
You closely miss the spriggan air mage.
Your headbutt misses the spriggan air mage.
The spriggan air mage is almost dead.
Your +8 spectral lajatang misses the spriggan air mage.
The spriggan hits you with a +0 dagger.
Demetirus hits the spriggan druid with a +0 broad axe of flaming!
Demetirus burns the spriggan druid.
Demetirus completely misses the spriggan.
The spriggan druid hits you with a +4 quarterstaff.
The spriggan air mage waves its arms in wide circles.
The air twists around and strikes you!
* * * LOW HITPOINT WARNING * * *
Your +8 spectral lajatang disappears.
The spriggan druid attacks as it pursues you!
The spriggan druid completely misses you.
The tyrant leech bites you but does no damage.
Demetirus closely misses the spriggan.
Demetirus hits the spriggan with a +0 broad axe of flaming!
Demetirus burns the spriggan.
Demetirus hits the tyrant leech with a +0 broad axe of flaming!
Demetirus burns the tyrant leech.
The spriggan air mage waves its arms in wide circles.
The air twists around and strikes you!!
* * * LOW HITPOINT WARNING * * *
Demetirus blocks the spriggan's attack.
The spriggan druid attacks as it pursues you!
The spriggan druid completely misses you.
Demetirus closely misses the spriggan air mage.
Demetirus hits the spriggan with a +0 broad axe of flaming!
Demetirus burns the spriggan.
There is a stone staircase leading up here.
The spriggan air mage waves its arms in wide circles.
The air twists around and strikes you!!
You die...

♣♣§~~~~♣ ♣♣ .~.♣ ♣♣~†~~~~♣♣
♣♣♣♣♣♣§♣♣♣♣♣..♣
♣♣.†~♣~~..♣♣♣♣♣.♣♣....~~.~§~♣
♣..~~♣^~§~>~~..♣...♣~~<§~..♣♣
♣♣.[.~..♣.~~~~~♣♣♣♣.~~~~i....♣
♣..♣~♣.♣..♣~~§.♣♣♣♣~~~♣.~~~g..
♣.§♣~.♣♣~~~~...i..♣~~~........
♣♣.~§~.♣..§.~..i.ii~)..........
♣~~~.~♣>.~♣~.~@w.R†~~~~§.#..x(.
♣♣.~..♣.~~~~§~~..~~~.~~~~~#.....
♣....♣♣♣..~..~.~.....~~§..~♣♣~~.
♣.§~~.♣♣..♣~~~~~§.§♣..~~~~♣ ...
♣~...♣♣♣~.<.♣~~~..~~~.~~.♣♣ ..
♣♣..§~♣ ♣~~~...~.♣~~~~~~~~♣ ♣
♣.~..♣♣♣~~~~.~.♣~♣♣...)<.~♣
♣.~.♣♣♣♣♣~..♣~.♣~♣♣.~~.~.♣♣
♣..........♣♣♣~♣ ♣..~.~.♣


You could see the friendly Demetirus the knight, a tyrant leech, a spriggan air
mage (repels missiles, ally target), a spriggan druid and 2 spriggans.

Vanquished Creatures
  Jorgrun (Swamp:2)
  Gastronok (Lair:1)
  Agnes (Snake:2)
  5 nagarajas
  A fenstrider witch (Swamp:1)
  A stone giant (D:15)
  An eleionoma (Swamp:1)
  3 bunyips
  A minotaur (Gauntlet)
  2 fire dragons
  A shambling mangrove (Swamp:2)
  4 vault guards (D:14)
  A rakshasa (D:13)
  An alligator (Swamp:1)
  3 centaur warriors
  2 salamander tyrants (Snake:4)
  6 hydras
  14 anacondas
  2 boulder beetles
  A death knight (D:14)
  A merfolk avatar (Lair:5)
  9 naga warriors
  16 two-headed ogres
  3 orc high priests
  Urug (Lair:1)
  2 tengu warriors (D:15)
  5 shock serpents
  12 naga sharpshooters
  A hell knight (Volcano)
  4 spriggans
  A deep elf knight (D:14)
  2 salamander mystics (Snake:1)
  3 goliath frogs (Swamp:1)
  4 skysharks
  4 skeletal warriors (D:14)
  2 swamp dragons
  3 sea snakes
  8 naga ritualists
  7 bog bodies
  2 spriggan druids (Swamp:1)
  3 orc knights
  A deep elf pyromancer (D:15)
  6 orc sorcerers
  4 manticores
  7 salamanders
  6 mana vipers
  3 cyclopes
  5 ugly things
  6 elephants
  26 black mambas
  11 naga magi
  4 guardian serpents
  A torpor snail (Lair:5)
  An ice statue (IceCv)
  3 large abominations (Gauntlet)
  5 gargoyles
  An unseen horror (D:12)
  Maggie (Lair:1)
  5 cane toads
  4 freezing wraiths
  A cane toad (shapeshifter) (D:15)
  10 rime drakes
  An efreet (D:13)
  2 yaktaurs (D:14)
  An anaconda simulacrum (IceCv)
  3 kobold demonologists
  8 komodo dragons
  A tengu conjurer (D:14)
  6 trolls
  4 hornets
  5 tyrant leeches
  12 dream sheep
  8 blink frogs
  A polar bear (Lair:5)
  A snapping turtle (Lair:5)
  A dream sheep (shapeshifter) (D:13)
  7 slime creatures
  3 centaur simulacra
  6 wyverns
  35 yaks
  2 wraiths
  A shadow (D:11)
  A hog (D:14)
  4 basilisks
  8 steam dragons
  4 vampire mosquitoes
  2 wargs
  7 swamp worms
  A hydra simulacrum (IceCv)
  An acid dragon (D:10)
  39 nagas
  17 water moccasins
  25 orc warriors
  2 sky beasts
  3 small abominations (Gauntlet)
  8 ogres
  13 wolves
  5 centaurs
  A phantom (D:7)
  4 kobold brigands
  Blork the orc (Orc:2)
  13 bullfrogs
  4 scorpions
  A gnoll sergeant (D:9)
  5 cane toad simulacra
  6 two-headed ogre simulacra (IceCv)
  6 wights
  A killer bee (D:8)
  A howler monkey (D:7)
  An electric eel (Lair:1)
  2 jellies
  6 hounds
  15 orc priests
  Terence (D:3)
  8 iguanas
  8 sleepcaps
  3 hell rats (Lair:1)
  4 troll simulacra (IceCv)
  17 orc wizards
  3 polar bear simulacra (IceCv)
  4 spriggan simulacra (IceCv)
  A killer bee zombie (D:8)
  A wolf simulacrum (IceCv)
  4 gnolls
  12 adders
  3 naga simulacra (IceCv)
  4 white imps
  6 ufetubi
  A worm (D:4)
  2 dart slugs (D:5)
  47 orcs
  6 ball pythons
  4 bats
  9 endoplasms
  5 giant cockroaches
  8 goblins
  7 hobgoblins
  10 jackals
  26 kobolds
  4 quokkas
  3 frilled lizards
  8 rats
  A spectral orc (D:10)
791 creatures vanquished.

Vanquished Creatures (collateral kills)
  Kirke (D:14)
  2 nagarajas (Snake:4)
  An orc warlord (Orc:2)
  An eleionoma (Swamp:1)
  A hydra (Lair:2)
  A catoblepas (D:13)
  2 anacondas (Snake:4)
  A centaur warrior (D:14)
  2 boulder beetles
  3 two-headed ogres
  2 alligators (Swamp:1)
  2 ogre magi
  3 naga warriors
  A naga sharpshooter (Snake:1)
  A salamander mystic (Snake:3)
  A sea snake (Snake:3)
  A bog body (Swamp:2)
  A mana viper (Snake:2)
  An orc knight (Orc:2)
  An orc sorcerer (Orc:2)
  4 elephants
  7 black mambas
  3 slime creatures
  2 naga magi
  2 unseen horrors
  3 guardian serpents
  3 cane toads
  5 rime drakes (Lair:5)
  A tengu conjurer (D:15)
  3 komodo dragons
  A troll (D:10)
  2 hornets
  A tyrant leech (Swamp:1)
  2 blink frogs
  7 dream sheep
  A centaur simulacrum (Gauntlet)
  3 wyverns
  15 yaks
  2 wraiths
  3 basilisks
  3 vampire mosquitoes
  2 steam dragons
  A death yak simulacrum (IceCv)
  3 nagas
  A warg (Orc:2)
  An acid dragon (D:8)
  8 water moccasins
  2 swamp worms
  An orc warrior (Orc:2)
  An ice beast (D:7)
  3 sky beasts (D:8)
  A wolf (Lair:5)
  An ogre (D:15)
  A centaur (D:9)
  5 bullfrogs
  A gnoll sergeant (D:10)
  2 cane toad simulacra (IceCv)
  A two-headed ogre simulacrum (IceCv)
  2 wights
  A killer bee (D:8)
  An elephant simulacrum (IceCv)
  A jelly (D:8)
  An orc priest (Orc:2)
  A sleepcap (D:8)
  3 hell rats (Lair:1)
  An iguana (D:8)
  7 orc wizards
  2 spriggan simulacra (IceCv)
  A polar bear simulacrum (IceCv)
  A troll simulacrum (IceCv)
  2 wolf simulacra (IceCv)
  4 gnolls
  3 naga simulacra (IceCv)
  A shadow imp (D:7)
  A white imp (IceCv)
  An ufetubus (IceCv)
  13 orcs
  3 kobolds
187 creatures vanquished.

Vanquished Creatures (others)
  A hydra (Lair:3)
  A two-headed ogre (Volcano)
  2 spriggans (Swamp:1)
  A naga mage (Snake:4)
  A hornet (Swamp:1)
  A bloated husk (Swamp:1)
  A wyvern (D:9)
  4 humans (D:14)
  A steam dragon (D:8)
  An orc warrior (Orc:2)
  19 knights
  4 ancestors (D:8)
  An orc (Orc:1)
38 creatures vanquished.

Grand Total: 1016 creatures vanquished

Notes
Turn   | Place    | Note
-------+----------+-------------------------------------------
     0 | D:1      | Lobster4 the Minotaur Hunter began the quest for the Orb.
     0 | D:1      | Reached XP level 1. HP: 18/18 MP: 0/0
    93 | D:1      | Reached skill level 1 in Stealth
   113 | D:1      | Reached XP level 2. HP: 25/25 MP: 1/1
   459 | D:1      | Reached skill level 1 in Armour
   537 | D:1      | Found a faded altar of an unknown god.
   650 | D:1      | Reached XP level 3. HP: 30/30 MP: 2/2
  1093 | D:2      | Reached skill level 5 in Ranged Weapons
  1168 | D:2      | Reached XP level 4. HP: 33/38 MP: 3/3
  2356 | D:3      | Noticed Terence
  2461 | D:3      | Found an iron altar of Okawaru.
  2496 | D:3      | Reached XP level 5. HP: 38/45 MP: 4/4
  2883 | D:3      | HP: 1/45 [orc priest/nerve-wracking pain (14)]
  3086 | D:4      | Found a shimmering altar of Xom.
  3086 | D:4      | Noticed a yak
  3086 | D:4      | Noticed a yak
  3086 | D:4      | Noticed a yak
  3086 | D:4      | Noticed a yak
  3240 | D:3      | Reached skill level 6 in Ranged Weapons
  3427 | D:4      | Reached XP level 6. HP: 42/52 MP: 5/5
  3459 | D:4      | Noticed a yak
  3476 | D:3      | Killed a yak
  3477 | D:3      | Reached skill level 7 in Ranged Weapons
  3583 | D:4      | Noticed a yak
  3594 | D:4      | Killed a yak
  3595 | D:4      | Reached skill level 5 in Fighting
  3595 | D:4      | Reached XP level 7. HP: 56/61 MP: 6/6
  3849 | D:3      | Killed a yak
  3850 | D:3      | Reached skill level 8 in Ranged Weapons
  3982 | D:3      | Killed a yak
  4247 | D:3      | Killed Terence
  4248 | D:3      | Reached XP level 8. HP: 71/71 MP: 7/7
  4379 | D:4      | Reached skill level 9 in Ranged Weapons
  4668 | D:4      | Found a broken altar of Ashenzari.
  5045 | D:4      | Reached skill level 10 in Ranged Weapons
  5142 | D:5      | Entered Level 5 of the Dungeon
  5471 | D:5      | Found a radiant altar of Vehumet.
  5487 | D:5      | Found a white marble altar of Elyvilon.
  5664 | D:5      | Found a staircase to the Ecumenical Temple.
  5670 | Temple   | Entered the Ecumenical Temple
  5677 | Temple   | Became a worshipper of Hepliaklqana the Forgotten
  6342 | D:6      | Found a shimmering blue altar of Sif Muna.
  6436 | D:6      | Reached skill level 1 in Invocations
  6436 | D:6      | Reached skill level 1 in Evocations
  6436 | D:6      | Reached XP level 9. HP: 60/81 MP: 8/8
  6653 | D:6      | Reached * piety under Hepliaklqana
  6820 | D:7      | Reached skill level 11 in Ranged Weapons
  7208 | D:7      | Found an ancient bone altar of Kikubaaqudgha.
  7814 | D:8      | Reached skill level 12 in Ranged Weapons
  7818 | D:8      | Found an opulent altar of Gozag.
  8103 | D:8      | Reached XP level 10. HP: 79/81 MP: 11/11
  8128 | D:8      | Reached ** piety under Hepliaklqana
  8241 | D:8      | Remembered your ancestor Demetirus as a knight
  8321 | D:8      | Noticed a two-headed ogre
  8340 | D:8      | Reached skill level 13 in Ranged Weapons
  8343 | D:8      | Reached skill level 10 in Fighting
  8349 | D:8      | Killed a two-headed ogre
  8689 | D:8      | Found a blossoming altar of Fedhas.
  8722 | D:8      | Found Aduvonn's Assorted Antiques.
  8727 | D:8      | Bought a scroll labelled XOGRUQAHYBE for 29 gold pieces
  8837 | D:8      | Found an ornate altar of the Wu Jian Council.
  9002 | D:8      | Found a staircase to the Lair.
  9377 | D:9      | Found a glowing golden altar of the Shining One.
  9389 | D:9      | Reached skill level 14 in Ranged Weapons
  9481 | D:9      | Found a staircase to the Orcish Mines.
  9606 | D:9      | Noticed a two-headed ogre
  9618 | D:9      | Killed a two-headed ogre
  9619 | D:9      | Reached XP level 11. HP: 57/91 MP: 12/12
  9845 | D:9      | Reached skill level 15 in Ranged Weapons
 10107 | D:9      | Noticed a two-headed ogre
 10118 | D:9      | Killed a two-headed ogre
 10446 | D:10     | Entered Level 10 of the Dungeon
 10446 | D:10     | Reached *** piety under Hepliaklqana
 10578 | D:10     | Noticed a two-headed ogre
 11100 | D:10     | Found a shadowy altar of Dithmenos.
 11148 | D:10     | Reached skill level 16 in Ranged Weapons
 11533 | D:10     | Killed a two-headed ogre
 11696 | D:10     | Found a snail-covered altar of Cheibriados.
 11697 | D:10     | Found a burning altar of Makhleb.
 11798 | D:10     | Found a basalt altar of Yredelemnul.
 11856 | D:11     | Noticed Sonja
 11966 | D:11     | Identified a scroll of acquirement
 11966 | D:11     | Acquired a manual of Short Blades
 11989 | D:11     | Noticed a two-headed ogre
 11996 | D:11     | Killed a two-headed ogre
 12053 | D:11     | Noticed a boulder beetle
 12069 | D:11     | Killed a boulder beetle
 12148 | D:11     | Reached **** piety under Hepliaklqana
 12308 | D:11     | Noticed a two-headed ogre
 12318 | D:11     | Killed a two-headed ogre
 12319 | D:11     | Reached XP level 12. HP: 103/103 MP: 13/13
 12711 | Lair:1   | Entered Level 1 of the Lair of Beasts
 12764 | Lair:1   | Reached skill level 17 in Ranged Weapons
 12830 | Lair:1   | Reached skill level 5 in Armour
 12879 | Lair:1   | Noticed Gastronok
 12902 | Lair:1   | Killed Gastronok
 12977 | Lair:1   | Noticed Maggie
 12988 | Lair:1   | Killed Maggie
 13143 | Lair:1   | Noticed Urug
 13164 | Lair:1   | Killed Urug
 13165 | Lair:1   | Reached skill level 1 in Short Blades
 13785 | Lair:1   | Noticed a fire dragon
 13813 | Lair:1   | Killed a fire dragon
 14293 | Lair:2   | Found a frozen archway.
 14308 | Lair:2   | Reached skill level 18 in Ranged Weapons
 14319 | IceCv    | Entered an ice cave
 15632 | Lair:2   | Reached XP level 13. HP: 112/112 MP: 14/14
 15643 | Lair:2   | Found a staircase to the Swamp.
 16053 | Lair:2   | Reached ***** piety under Hepliaklqana
 16095 | Lair:2   | Found a staircase to the Snake Pit.
 16822 | Lair:3   | Reached skill level 5 in Short Blades
 17362 | Lair:3   | Reached skill level 19 in Ranged Weapons
 17742 | Lair:4   | Found a staircase to the Slime Pits.
 17769 | Lair:4   | Found a dark tunnel.
 17795 | Volcano  | Entered a volcano
 17846 | Volcano  | Reached skill level 15 in Fighting
 18108 | Volcano  | Reached skill level 5 in Dodging
 18193 | Volcano  | Reached skill level 5 in Invocations
 18509 | Lair:4   | Reached XP level 14. HP: 117/121 MP: 16/16
 19218 | Lair:5   | Entered Level 5 of the Lair of Beasts
 19439 | Lair:5   | Reached skill level 10 in Armour
 19559 | Lair:5   | Reached skill level 20 in Ranged Weapons
 20386 | Lair:5   | Identified the +7 trident "Hydra's Regret" {flame, rElec
                  | rF- Int+5}
 20451 | Lair:5   | Reached ****** piety under Hepliaklqana
 21314 | Orc:1    | Entered Level 1 of the Orcish Mines
 21747 | Orc:1    | Found a runed translucent gate.
 21747 | Orc:1    | Found a runed translucent gate.
 21747 | Orc:1    | Found a runed translucent gate.
 21874 | Orc:1    | Noticed Daonol's ghost (journeyman TrBe)
 21909 | Orc:2    | Entered Level 2 of the Orcish Mines
 21984 | Orc:2    | Gained mutation: You occasionally lose the ability to read
                  | scrolls when taking damage. [a neqoxec]
 21991 | Orc:2    | Reached skill level 21 in Ranged Weapons
 22094 | Orc:2    | Found a staircase to the Elven Halls.
 22402 | Orc:2    | Noticed Blork the orc
 22405 | Orc:2    | Reached XP level 15. HP: 130/130 MP: 17/17
 22406 | Orc:2    | Killed Blork the orc
 22456 | Orc:2    | Found Wurch's General Store.
 22466 | Orc:2    | Bought a potion of heal wounds for 70 gold pieces
 22599 | Orc:2    | Found Vagiceg's Antique Weapon Boutique.
 22615 | Orc:2    | Found Novirph's Jewellery Boutique.
 22630 | Orc:2    | Found Zetwiown's Antique Armour Boutique.
 22771 | Orc:2    | Lost mutation: You occasionally lose the ability to read
                  | scrolls when taking damage. [potion of mutation]
 22771 | Orc:2    | Gained mutation: You have hidden genetic defects. [potion
                  | of mutation]
 22771 | Orc:2    | Gained mutation: You sometimes lose your temper in combat.
                  | [potion of mutation]
 22771 | Orc:2    | Gained mutation: You are agile. (Dex +4, Str/Int -1)
                  | [potion of mutation]
 22822 | Orc:2    | Bought a scroll of butterflies for 56 gold pieces
 22822 | Orc:2    | Bought a scroll of immolation for 56 gold pieces
 22822 | Orc:2    | Bought a potion of mutation for 112 gold pieces
 23116 | D:12     | Learned a level 2 spell: Wereblood
 23262 | D:12     | You fall into a shaft and drop 3 floors!
 23262 | D:15     | Entered Level 15 of the Dungeon
 23371 | D:14     | Reached skill level 1 in Transmutations
 23491 | D:13     | Reached skill level 1 in Spellcasting
 23512 | D:13     | Gained mutation: You are occasionally teleported next to
                  | monsters. [hidden defects]
 23513 | D:13     | Lost mutation: You are occasionally teleported next to
                  | monsters. [potion of mutation]
 23513 | D:13     | Lost mutation: You sometimes lose your temper in combat.
                  | [potion of mutation]
 23513 | D:13     | Gained mutation: You are partially covered in large bone
                  | plates. (SH +4) [potion of mutation]
 23513 | D:13     | Lost mutation: You have hidden genetic defects. [potion of
                  | mutation]
 23513 | D:13     | Gained mutation: You have a pair of large horns on your
                  | head. [potion of mutation]
 23767 | D:13     | Found a gate leading to a gauntlet.
 23780 | Gauntlet | Entered a Gauntlet
 23780 | Gauntlet | Found a transporter.
 23780 | Gauntlet | Found a transporter.
 23788 | Gauntlet | Found a transporter.
 23792 | Gauntlet | Found a transporter.
 23799 | Gauntlet | Found a runed translucent door.
 23802 | Gauntlet | Found a transporter.
 23804 | Gauntlet | Found a transporter.
 23808 | Gauntlet | Found a runed translucent door.
 23810 | Gauntlet | Found a runed translucent door.
 23812 | Gauntlet | Found a transporter.
 23829 | Gauntlet | Found a transporter.
 23847 | Gauntlet | Found a transporter.
 23847 | Gauntlet | Found a transporter.
 23857 | Gauntlet | Found a transporter.
 23861 | Gauntlet | Found a transporter.
 24332 | D:12     | Found a runed translucent gate.
 24332 | D:12     | Found a runed translucent gate.
 24332 | D:12     | Found a runed translucent gate.
 24332 | D:12     | Noticed an acid blob
 24332 | D:12     | Noticed an azure jelly
 24332 | D:12     | Noticed an azure jelly
 24332 | D:12     | Noticed an azure jelly
 24333 | D:12     | Noticed an acid blob
 24333 | D:12     | Noticed an azure jelly
 24333 | D:12     | Noticed Sundig's ghost (journeyman DgFi)
 24333 | D:12     | Noticed an acid blob
 24335 | D:12     | Noticed an acid blob
 24376 | D:12     | Noticed an acid blob
 24429 | D:12     | Found a viscous altar of Jiyva.
 24429 | D:12     | Found the +18 shield of the Gong {Loud rN+ Will+ rCorr
                  | EV-5}
 24923 | D:14     | Noticed Kirke
 24937 | D:14     | Noticed a sphinx
 24941 | D:14     | Reached skill level 1 in Staves
 24942 | D:14     | Killed Kirke
 25108 | D:14     | Found a sacrificial altar of Ru.
 25174 | D:14     | Found a gate to the Vaults.
 25367 | D:14     | Identified the +3 sling of the Hammering Gods {speed, Drain
                  | rC+ Str+3}
 25600 | D:15     | Found Tapseure's Antique Armour Emporium.
 25618 | D:15     | Bought a transparent robe for 165 gold pieces
 25618 | D:15     | Identified the +1 robe of Moemid {Archmagi} (You bought it
                  | in a shop on level 15 of the Dungeon)
 25652 | D:15     | Reached skill level 22 in Ranged Weapons
 25992 | D:15     | Reached XP level 16. HP: 139/139 MP: 19/19
 26184 | D:15     | Identified the serpent talisman of the Crypt {rElec Str+3
                  | SInv}
 26362 | D:15     | Found a staircase to the Depths.
 26776 | Snake:1  | Entered Level 1 of the Snake Pit
 26778 | Snake:1  | Found Piohamno's Armour Shop.
 26780 | Snake:1  | Found Zontoon's General Store.
 26782 | Snake:1  | Found Saokkod's Armour Shop.
 26914 | Snake:1  | Found Xewon's General Store.
 26916 | Snake:1  | Found Maod Duxt's Assorted Antiques.
 27443 | Snake:1  | Identified the ring of Toug {rCorr Int+2}
 27568 | Snake:1  | Reached skill level 5 in Staves
 27964 | Snake:2  | Noticed Agnes
 27973 | Snake:2  | Killed Agnes
 28150 | Snake:2  | Found a one-way gate to the infinite horrors of the Abyss.
 28150 | Snake:2  | Noticed gdog's ghost (adept GnDe)
 28379 | Snake:2  | Found a transporter.
 28427 | Snake:2  | Found a transporter.
 29216 | Snake:3  | Identified the +1 scimitar of Sunlight {spect, *Slow rPois
                  | Str+3 Stlth+}
 29251 | Snake:3  | Found Zojal's General Store.
 29258 | Snake:3  | Bought a scroll of identify for 38 gold pieces
 29261 | Snake:3  | Found Saigep's Magic Scroll Shoppe.
 29268 | Snake:3  | Bought a scroll of brand weapon for 95 gold pieces
 29930 | Snake:3  | Identified the +1 robe of the First Snow {-Cast Rampage
                  | rPois SInv}
 30158 | Snake:4  | Entered Level 4 of the Snake Pit
 30363 | Snake:4  | Reached skill level 23 in Ranged Weapons
 30363 | Snake:4  | Reached XP level 17. HP: 122/148 MP: 19/21
 30547 | Snake:4  | Reached skill level 10 in Dodging
 32044 | Snake:4  | Got a serpentine rune of Zot
 32269 | Swamp:1  | Entered Level 1 of the Swamp
 32468 | Swamp:1  | Reached skill level 5 in Transmutations
 32965 | Swamp:1  | Identified the +8 spear "Munneelarph" {speed, rN+ Will+++
                  | Int-4 Dex-4}
 33005 | Swamp:1  | You fall into a shaft and drop 1 floor!
 33206 | Swamp:1  | Identified the +0 robe of Eruck {Will++}
 33629 | Swamp:2  | Noticed Jorgrun
 33677 | Swamp:2  | Killed Jorgrun
 33693 | Swamp:2  | Killed from afar by a spriggan air mage

Illustrated notes

Levels and vault maps discovered:
D:1:      dpeg_arrival_prison, layout_basic, ebering_ecumenical_altar_petrified,
          minmay_misc_feat_ornament
D:2:      layout_basic
D:3:      layout_loops_corners, okawaru_gym_becter, uniq_terence
D:4:      layout_loops_ring, mainiacjoe_overflow_boulevard, ashenzari_altar_1,
          hellmonk_no_cap
D:5:      layout_basic, elyvilon_altar_5, lemuel_coloured_pillars_altar,
          minmay_temple_entry_enclosed_plants, skrybe_limestone_x
D:6:      layout_cave_pods, led_sif_pool
D:7:      layout_rooms, kennysheep_mini, lemuel_flame_loot_1
D:8:      regret_index_malice_mire, layout_loops_ring,
          nicolae_wu_jian_immortal_techniques, mainiacjoe_overflow_alcove_4,
          nicolae_gozag_seed_capital, erik_lair_dragon, serial_shops, shop,
          st_stairs_1, chequers_serial_rivers_room_a
D:9:      layout_basic, lemuel_crystal_altar
D:10:     layout_long_grid, mainiacjoe_overflow_cross_hatched,
          yredelemnul_forgotten_temple_becter,
          chequers_temple_overflow_statue_of_worship, minivault_26
D:11:     layout_loops_cross, serial_glass, glass_columns_a, glass_columns_a,
          glass_columns_c, glass_columns_a, uniq_sonja
D:12:     layout_basic, gammafunk_ghost_ooze
D:13:     layout_roguey, gauntlet_entry_generic, minmay_quadrilaterals
D:14:     layout_rooms, grunt_vaults_entry_fortified,
          nicolae_ru_the_path_less_chosen, uniq_kirke
D:15:     grunt_enter_depths_snipers, layout_loops_cross, kennysheep_crisscross,
          serial_shops, shop, hellmonk_talismancer
Temple:   nicolae_temple_ecumenical_triangle
Lair:1:   dragon1_lemuel, layout_long_grid, infiniplex_staircase_pool_2,
          grunt_megastairs_5, serial_bayou_shore_a, lemuel_fruit_tree,
          serial_bayou_shore_b, uniq_urug, uniq_gastronok, uniq_maggie
Lair:2:   nzn_winding_woodlands_small [nzn_winding_woodlands_5x15_pool,
          nzn_winding_woodlands_center_lodge,
          nzn_winding_woodlands_5x15_river_crossing], layout_chaotic_city,
          minmay_swamp_entry_worms, minmay_snake_entry_six_corridors,
          portal_ice_cave_entry_pillars_1
Lair:3:   layout_roguey, grunt_megastairs_2, infiniplex_staircase_pool
Lair:4:   layout_regular_city, slime_entry_1, nicolae_volcano_entry_two_sided,
          chequers_serial_rivers_micro_d, columned_hall_lemuel
Lair:5:   gammafunk_lair_ancient_temple, layout_big_grid,
          chequers_serial_rivers_micro_e, chequers_serial_rivers_large_a,
          bobbens_dragon_lair_wall
Swamp:1:  layout_basic_swamp, nicolae_swamp_very_dense_foliage
Swamp:2:  layout_falls_marsh, serial_swamp_ruin, evilmike_swamp_ruin_house_6,
          evilmike_swamp_ruin_house_2, uniq_nikola, uniq_jorgrun
Snake:1:  hangedman_cross_veins, layout_rooms, serial_shops, shop, shop,
          nicolae_snake_gridmaze_spiral, nicolae_snake_salamander_stairs,
          minmay_shop_star
Snake:2:  layout_cave_pods, gammafunk_ghost_abyssal_escape, uniq_agnes
Snake:3:  nicolae_sea_snake_s, layout_chambers, nicolae_snake_gridmaze_waves,
          minmay_shoptagon
Snake:4:  grunt_snake_rune_serpentine_throne, layout_misc_corridors
Orc:1:    layout_caves, gammafunk_ghost_necromancy
Orc:2:    grunt_orc_cross, layout_diamond_mine

Skill      XL: |  1  2  3  4  5  6  7  8  9 10 11 12 13 14 15 16 17 |
---------------+----------------------------------------------------+-----
Stealth        | 1 |  1.0
Armour         | 1 2 3 4 7 9 10 | 10.0
Fighting       | 3 4 5 6 8 9 11 13 14 15 16 17 18 19 | 19.0
Ranged Weapons | 5 6 7 8 10 12 14 16 18 19 21 22 23 | 23.9
Dodging        | 3 5 6 8 9 10 | 10.0
Invocations    | 1 3 5 6 7 9 |  9.3
Evocations     | 1 3 |  3.0
Short Blades   | 3 5 6 |  6.0
Transmutations | 2 3 5 |  5.0
Spellcasting   | 2 3 |  3.0
Staves         | 3 6 8 |  8.5

Action                     |  1- 3 |  4- 6 |  7- 9 | 10-12 | 13-15 | 16-18 || total
---------------------------+-------+-------+-------+-------+-------+-------++-------
  Melee: Scimitar          |       |       |       |     6 |       |       ||     6
         Headbutt          |       |       |       |     5 |     2 |     4 ||    11
         Great sword       |       |       |       |       |     5 |       ||     5
         Lajatang          |       |       |       |       |       |    15 ||    15
   Fire: Shortbow          |   127 |   164 |   411 |  1045 |   272 |       ||  2019
         Arbalest          |       |       |       |       |   863 |   636 ||  1499
  Throw: Dart              |       |       |       |     7 |       |     1 ||     8
   Cast: Wereblood         |       |       |       |       |       |    22 ||    22
 Invoke: Recall Ancestor   |       |       |       |     4 |     4 |     4 ||    12
         Ancestor Life: Kn |       |       |       |     1 |       |       ||     1
  Evoke: Wand              |       |     3 |     2 |    14 |    22 |     2 ||    43
         Phantom mirror    |       |       |       |       |     1 |     1 ||     2
         Lightning rod     |       |       |       |       |       |     4 ||     4
         Condenser vane    |       |       |       |       |       |     1 ||     1
    Use: Scroll            |       |     7 |     4 |     9 |    15 |     9 ||    44
         Potion            |       |     2 |     3 |     1 |     8 |       ||    14
 Armour: Leather armour    |    35 |    45 |    26 |       |       |       ||   106
         Scale mail        |       |       |    94 |       |       |       ||    94
         Steam dragon scal |       |       |    17 |    54 |       |       ||    71
         Acid dragon scale |       |       |       |    53 |   181 |   155 ||   389
         Robe              |       |       |       |    24 |     1 |       ||    25
         Fire dragon scale |       |       |       |       |    15 |       ||    15
  Dodge: Dodged            |    43 |    51 |   156 |   184 |   299 |   262 ||   995
  Block: Other             |       |       |       |       |    11 |    30 ||    41

Table legend: (Time is in decaauts)
 A = Elapsed time spent in this place.
 B = Non-inter-level travel time spent in this place.
 C = Inter-level travel time spent in this place.
 D = Time resting spent in this place.
 E = Time spent auto-exploring this place.
 F = Levels seen in this place.
 G = Mean time per level.
                   A        B        C        D        E       F      G
               +--------+--------+--------+--------+--------+-----+--------+
         Total |  33642 |  31333 |   2309 |   5540 |  18470 |  32 | 1051.3 |
       Dungeon |  16449 |  15055 |   1394 |   2397 |   9239 |  15 | 1096.6 |
        Temple |     14 |      8 |      6 |      0 |      0 |   1 |   14.0 |
          Lair |   6680 |   6210 |    470 |   1110 |   3595 |   5 | 1336.0 |
         Swamp |   1493 |   1455 |     38 |    335 |    842 |   2 |  746.5 |
     Snake Pit |   5453 |   5180 |    273 |    815 |   3477 |   4 | 1363.2 |
  Orcish Mines |   1384 |   1257 |    127 |    111 |    787 |   2 |  692.0 |
      Ice Cave |   1148 |   1148 |      0 |    424 |    336 |   1 | 1148.0 |
       Volcano |    534 |    534 |      0 |    191 |     98 |   1 |  534.0 |
      Gauntlet |    484 |    484 |      0 |    157 |     94 |   1 |  484.0 |
               +--------+--------+--------+--------+--------+-----+--------+

Top non-repeatable levels by time:
     D:8: 2095 daAuts
     D:3: 2087 daAuts
  Lair:5: 1715 daAuts
     D:9: 1675 daAuts
 Snake:3: 1675 daAuts
 Snake:4: 1628 daAuts
  Lair:2: 1532 daAuts
     D:4: 1335 daAuts
  Lair:1: 1274 daAuts
  Lair:4: 1255 daAuts
     D:6: 1248 daAuts
 Snake:1: 1189 daAuts
 Swamp:1: 1176 daAuts
   IceCv: 1148 daAuts
    D:10: 1134 daAuts
